[ AOE2 MATCH · #505524553 ]
UnrankedMalians vs Jurchens
Player's team · WIN
Rival team · LOSS
[ REPLAY ANALYSIS · EXTRACTED FROM THE RECORDED GAME ]
Feudal
10:10
Castle
23:54
Imperial
42:09
| APM avg | 49.2 |
| APM peak | 109 |
| eAPM avg | 22.1 |
| Villagers / military | 154 / 256 |
Focus
⚔️ 44.7% · 🌾 55.3%
Knight ×92 · Scout Cavalry ×47 · Skirmisher ×46 · Archer ×28 · Hand Cannoneer ×14 · Camel Scout ×11
Feudal
9:19
Castle
22:37
Imperial
40:42
| APM avg | 95.0 |
| APM peak | 181 |
| eAPM avg | 61.5 |
| Villagers / military | 222 / 191 |
Focus
⚔️ 70.7% · 🌾 29.3%
Spearman ×90 · Unknown (1908) ×89 · Cavalry Archer ×44 · Archer ×24 · Skirmisher ×16 · Fire Lancer ×9
Match map
Initial resources + every placement click. Lines = walls · curves = elevation contours. ◆ gold · ⬟ stone · ● berries · ✦ relic · ◌ wall gap
Your base· Open — 1t gap
BuLLeT_'s base· ✓ Closed at 22:37 · 48t walls · 1 gate(s)
Smoothed initial terrain · ◌ = detected wall gap · hover for details
Inputs per minute
— Goatmaster - - BuLLeT_
Build order — Goatmaster
First 150 of 525 actions detected
| 0:00 | Queue | Villager (Male) |
| 0:01 | Build | House |
| 0:02 | Build | House |
| 0:06 | Queue | Villager (Male) |
| 0:07 | Queue | Villager (Male) |
| 0:12 | Queue | Villager (Male) |
| 0:12 | Queue | Villager (Male) |
| 1:35 | Queue | Villager (Male) |
| 2:00 | Queue | Villager (Male) |
| 2:18 | Build | Lumber Camp |
| 2:27 | Queue | Villager (Male) |
| 2:27 | Queue | Villager (Male) |
| 2:54 | Queue | Villager (Male) |
| 3:11 | Queue | Villager (Male) |
| 3:19 | Build | House |
| 3:37 | Queue | Villager (Male) |
| 3:37 | Queue | Villager (Male) |
| 4:25 | Queue | Villager (Male) |
| 4:47 | Build | Barracks |
| 4:50 | Queue | Villager (Male) |
| 5:18 | Queue | Villager (Male) |
| 5:23 | Build | House |
| 5:30 | Queue | Militia |
| 5:45 | Queue | Villager (Male) |
| 5:47 | Queue | Militia |
| 5:56 | Build | Palisade Wall |
| 5:58 | Build | House |
| 6:03 | Queue | Militia |
| 6:05 | Queue | Villager (Male) |
| 6:36 | Queue | Villager (Male) |
| 6:38 | Build | Mill |
| 6:45 | Build | House |
| 6:57 | Queue | Villager (Male) |
| 7:26 | Build | Mining Camp |
| 7:28 | Queue | Villager (Male) |
| 8:00 | Research | Feudal Age |
| 8:40 | Research | Loom |
| 8:48 | Build | Palisade Wall |
| 8:51 | Build | Palisade Wall |
| 8:53 | Build | Palisade Wall |
| 9:09 | Queue | Militia |
| 9:09 | Queue | Militia |
| 9:22 | Queue | Villager (Male) |
| 9:39 | Queue | Villager (Male) |
| 9:50 | Research | Loom |
| 10:10 | Age | Feudal Age |
| 10:13 | Research | Double-Bit Axe |
| 10:27 | Research | Man-at-Arms (upgrade) |
| 10:39 | Queue | Villager (Male) |
| 10:47 | Build | Watch Tower |
| 11:01 | Queue | Villager (Male) |
| 11:25 | Queue | Villager (Male) |
| 11:35 | Queue | Villager (Male) |
| 11:39 | Build | Stable |
| 11:53 | Queue | Villager (Male) |
| 11:54 | Queue | Militia |
| 12:12 | Queue | Villager (Male) |
| 12:23 | Research | Arson |
| 12:37 | Queue | Scout Cavalry |
| 12:41 | Build | Mill |
| 12:43 | Queue | Scout Cavalry |
| 12:52 | Queue | Villager (Male) |
| 12:58 | Build | Archery Range |
| 13:06 | Queue | Scout Cavalry |
| 13:07 | Queue | Villager (Male) |
| 13:16 | Queue | Villager (Male) |
| 13:33 | Build | Lumber Camp |
| 13:36 | Build | Farm |
| 13:36 | Build | Farm |
| 13:36 | Build | Farm |
| 13:36 | Build | Farm |
| 13:43 | Queue | Villager (Male) |
| 13:46 | Queue | Scout Cavalry |
| 14:00 | Queue | Archer |
| 14:03 | Queue | Villager (Male) |
| 14:23 | Build | Farm |
| 14:23 | Build | Farm |
| 14:25 | Build | House |
| 14:27 | Queue | Scout Cavalry |
| 14:32 | Queue | Villager (Male) |
| 14:34 | Queue | Archer |
| 14:49 | Build | House |
| 14:57 | Research | Horse Collar |
| 15:04 | Queue | Scout Cavalry |
| 15:10 | Queue | Villager (Male) |
| 15:16 | Queue | Archer |
| 15:28 | Build | Blacksmith |
| 15:32 | Queue | Villager (Male) |
| 15:43 | Queue | Villager (Male) |
| 15:46 | Queue | Archer |
| 15:55 | Queue | Scout Cavalry |
| 16:08 | Queue | Villager (Male) |
| 16:21 | Build | Farm |
| 16:24 | Research | Horse Collar |
| 16:25 | Queue | Archer |
| 16:27 | Queue | Archer |
| 16:35 | Build | House |
| 16:47 | Queue | Villager (Male) |
| 16:55 | Research | Fletching |
| 17:00 | Build | House |
| 17:04 | Build | Farm |
| 17:07 | Build | Farm |
| 17:07 | Build | Farm |
| 17:11 | Build | Farm |
| 17:19 | Queue | Villager (Male) |
| 17:29 | Queue | Archer |
| 17:34 | Build | House |
| 17:38 | Build | Farm |
| 17:39 | Build | Farm |
| 17:41 | Queue | Villager (Male) |
| 17:47 | Research | Padded Archer Armor |
| 17:54 | Queue | Villager (Male) |
| 18:05 | Build | Mill |
| 18:36 | Queue | Archer |
| 18:36 | Queue | Archer |
| 18:43 | Queue | Villager (Male) |
| 18:46 | Research | Wheelbarrow |
| 18:54 | Queue | Villager (Male) |
| 18:57 | Build | Farm |
| 19:12 | Build | Archery Range |
| 19:20 | Queue | Skirmisher |
| 19:46 | Queue | Skirmisher |
| 19:57 | Build | Farm |
| 19:58 | Build | Farm |
| 20:01 | Build | Farm |
| 20:13 | Queue | Skirmisher |
| 20:49 | Queue | Villager (Male) |
| 20:51 | Queue | Archer |
| 20:51 | Queue | Archer |
| 21:12 | Research | Castle Age |
| 21:12 | Research | Castle Age |
| 21:28 | Queue | Archer |
| 21:29 | Queue | Skirmisher |
| 21:38 | Queue | Skirmisher |
| 21:39 | Queue | Skirmisher |
| 21:41 | Build | House |
| 21:42 | Build | Mill |
| 21:58 | Queue | Skirmisher |
| 21:58 | Queue | Skirmisher |
| 22:10 | Queue | Archer |
| 22:10 | Queue | Archer |
| 22:16 | Research | Gold Mining |
| 22:17 | Build | Outpost |
| 22:53 | Queue | Skirmisher |
| 22:54 | Queue | Skirmisher |
| 23:17 | Queue | Villager (Male) |
| 23:49 | Research | Bloodlines |
| 23:51 | Research | Scale Barding Armor |
| 23:54 | Age | Castle Age |
| 23:56 | Research | Bodkin Arrow |
Build order — BuLLeT_
First 150 of 821 actions detected
| 0:02 | Queue | Villager (Male) |
| 0:04 | Queue | Villager (Male) |
| 0:05 | Build | House |
| 0:06 | Build | House |
| 0:09 | Queue | Villager (Male) |
| 0:17 | Queue | Villager (Male) |
| 1:16 | Queue | Villager (Male) |
| 1:45 | Queue | Villager (Male) |
| 2:09 | Queue | Villager (Male) |
| 2:15 | Build | Mill |
| 2:35 | Queue | Villager (Male) |
| 3:00 | Queue | Villager (Male) |
| 3:27 | Queue | Villager (Male) |
| 3:51 | Queue | Villager (Male) |
| 3:54 | Build | House |
| 4:04 | Queue | Villager (Male) |
| 4:20 | Queue | Villager (Male) |
| 4:50 | Queue | Villager (Male) |
| 4:55 | Build | Lumber Camp |
| 5:05 | Queue | Villager (Male) |
| 5:11 | Queue | Villager (Male) |
| 5:20 | Queue | Villager (Male) |
| 5:29 | Queue | Villager (Male) |
| 5:50 | Queue | Villager (Male) |
| 6:18 | Research | Loom |
| 7:07 | Research | Feudal Age |
| 7:39 | Build | Mining Camp |
| 8:03 | Build | Palisade Wall |
| 8:04 | Build | Palisade Wall |
| 8:05 | Build | Palisade Wall |
| 8:10 | Build | Palisade Wall |
| 8:16 | Build | Palisade Wall |
| 8:18 | Build | Palisade Wall |
| 8:29 | Build | Palisade Wall |
| 8:43 | Build | Barracks |
| 8:47 | Build | Barracks |
| 8:50 | Build | Barracks |
| 8:51 | Build | Palisade Wall |
| 8:53 | Build | House |
| 9:11 | Build | Palisade Wall |
| 9:16 | Build | Palisade Wall |
| 9:17 | Build | Palisade Wall |
| 9:19 | Age | Feudal Age |
| 9:23 | Queue | Villager (Male) |
| 9:39 | Build | Archery Range |
| 9:43 | Queue | Villager (Male) |
| 9:55 | Build | House |
| 10:01 | Queue | Spearman |
| 10:16 | Queue | Villager (Male) |
| 10:30 | Queue | Archer |
| 10:33 | Build | Palisade Gate |
| 10:33 | Build | Palisade Wall |
| 10:34 | Build | Palisade Wall |
| 10:38 | Queue | Villager (Male) |
| 10:39 | Queue | Archer |
| 10:45 | Queue | Villager (Male) |
| 11:00 | Build | Watch Tower |
| 11:08 | Queue | Spearman |
| 11:10 | Build | Palisade Wall |
| 11:12 | Build | Palisade Wall |
| 11:14 | Build | Palisade Wall |
| 11:15 | Build | Palisade Wall |
| 11:16 | Build | Palisade Wall |
| 11:36 | Queue | Archer |
| 12:14 | Queue | Villager (Male) |
| 12:46 | Queue | Archer |
| 12:47 | Queue | Villager (Male) |
| 12:57 | Queue | Villager (Male) |
| 13:07 | Queue | Villager (Male) |
| 13:17 | Queue | Villager (Male) |
| 13:34 | Queue | Villager (Male) |
| 13:36 | Research | Double-Bit Axe |
| 13:37 | Research | Horse Collar |
| 13:41 | Build | Blacksmith |
| 13:49 | Queue | Spearman |
| 14:01 | Queue | Archer |
| 14:15 | Build | Farm |
| 14:15 | Build | Farm |
| 14:22 | Queue | Spearman |
| 14:28 | Queue | Villager (Male) |
| 14:29 | Build | House |
| 14:31 | Research | Town Watch |
| 14:36 | Queue | Villager (Male) |
| 14:38 | Build | Farm |
| 14:48 | Queue | Villager (Male) |
| 14:50 | Build | House |
| 14:54 | Queue | Spearman |
| 14:58 | Build | House |
| 15:18 | Queue | Spearman |
| 15:19 | Queue | Villager (Male) |
| 15:25 | Build | Farm |
| 15:27 | Build | Farm |
| 15:40 | Queue | Villager (Male) |
| 15:53 | Build | Farm |
| 15:54 | Queue | Villager (Male) |
| 15:55 | Queue | Archer |
| 16:08 | Build | Palisade Wall |
| 16:12 | Build | Palisade Wall |
| 16:14 | Queue | Archer |
| 16:30 | Build | Farm |
| 16:31 | Build | Farm |
| 16:33 | Queue | Villager (Male) |
| 16:47 | Build | Farm |
| 17:02 | Build | Farm |
| 17:08 | Research | Fletching |
| 17:09 | Queue | Villager (Male) |
| 17:15 | Queue | Villager (Male) |
| 17:17 | Build | House |
| 17:25 | Queue | Archer |
| 17:30 | Queue | Villager (Male) |
| 17:38 | Build | House |
| 17:44 | Queue | Archer |
| 17:45 | Queue | Villager (Male) |
| 18:00 | Build | Farm |
| 18:11 | Queue | Archer |
| 18:11 | Queue | Villager (Male) |
| 18:21 | Queue | Spearman |
| 18:29 | Queue | Archer |
| 18:57 | Queue | Villager (Male) |
| 19:33 | Queue | Archer |
| 19:48 | Build | Archery Range |
| 19:51 | Research | Castle Age |
| 20:08 | Build | Palisade Wall |
| 20:09 | Build | Palisade Wall |
| 20:09 | Build | Palisade Wall |
| 20:15 | Build | Palisade Wall |
| 20:16 | Queue | Archer |
| 20:25 | Build | Palisade Wall |
| 20:28 | Build | Palisade Wall |
| 20:36 | Build | House |
| 20:38 | Build | Palisade Wall |
| 20:43 | Queue | Archer |
| 20:48 | Queue | Archer |
| 20:50 | Research | Padded Archer Armor |
| 20:50 | Research | Gold Mining |
| 21:06 | Queue | Archer |
| 21:12 | Build | Archery Range |
| 21:14 | Queue | Archer |
| 21:30 | Queue | Skirmisher |
| 21:36 | Queue | Villager (Male) |
| 21:43 | Build | House |
| 21:48 | Queue | Archer |
| 21:58 | Queue | Archer |
| 22:09 | Queue | Archer |
| 22:14 | Queue | Villager (Male) |
| 22:20 | Queue | Archer |
| 22:26 | Build | Farm |
| 22:37 | Age | Castle Age |
| 22:48 | Research | Bodkin Arrow |
| 22:49 | Research | Crossbowman (upgrade) |
Match timeline
| 4:47 | Goatmaster · first_building Barracks |
| 5:56 | Goatmaster · wall_segment Palisade Wall x1 |
| 8:03 | BuLLeT_ · wall_segment Palisade Wall x1 |
| 8:04 | BuLLeT_ · wall_segment Palisade Wall x1 |
| 8:05 | BuLLeT_ · wall_segment Palisade Wall x1 |
| 8:10 | BuLLeT_ · wall_segment Palisade Wall x1 |
| 8:16 | BuLLeT_ · wall_segment Palisade Wall x1 |
| 8:18 | BuLLeT_ · wall_segment Palisade Wall x1 |
| 8:29 | BuLLeT_ · wall_segment Palisade Wall x1 |
| 8:43 | BuLLeT_ · first_building Barracks |
| 8:48 | Goatmaster · wall_segment Palisade Wall x1 |
| 8:51 | BuLLeT_ · wall_segment Palisade Wall x2 |
| 8:51 | Goatmaster · wall_segment Palisade Wall x1 |
| 8:53 | Goatmaster · wall_segment Palisade Wall x1 |
| 9:11 | BuLLeT_ · wall_segment Palisade Wall x1 |
| 9:16 | BuLLeT_ · wall_segment Palisade Wall x1 |
| 9:17 | BuLLeT_ · wall_segment Palisade Wall x1 |
| 9:19 | BuLLeT_ · age_up feudal |
| 9:39 | BuLLeT_ · first_building Archery Range |
| 10:10 | Goatmaster · age_up feudal |
| 10:33 | BuLLeT_ · wall_segment Palisade Wall x1 |
| 10:34 | BuLLeT_ · wall_segment Palisade Wall x4 |
| 11:10 | BuLLeT_ · wall_segment Palisade Wall x1 |
| 11:12 | BuLLeT_ · wall_segment Palisade Wall x1 |
| 11:14 | BuLLeT_ · wall_segment Palisade Wall x1 |
| 11:15 | BuLLeT_ · wall_segment Palisade Wall x1 |
| 11:16 | BuLLeT_ · wall_segment Palisade Wall x1 |
| 11:39 | Goatmaster · first_building Stable |
| 12:58 | Goatmaster · first_building Archery Range |
| 16:08 | BuLLeT_ · wall_segment Palisade Wall x1 |
| 16:12 | BuLLeT_ · wall_segment Palisade Wall x1 |
| 20:08 | BuLLeT_ · wall_segment Palisade Wall x3 |
| 20:09 | BuLLeT_ · wall_segment Palisade Wall x5 |
| 20:09 | BuLLeT_ · wall_segment Palisade Wall x6 |
| 20:15 | BuLLeT_ · wall_segment Palisade Wall x10 |
| 20:25 | BuLLeT_ · wall_segment Palisade Wall x1 |
| 20:28 | BuLLeT_ · wall_segment Palisade Wall x1 |
| 20:38 | BuLLeT_ · wall_segment Palisade Wall x1 |
| 22:37 | BuLLeT_ · age_up castle |
| 23:37 | BuLLeT_ · wall_segment Palisade Wall x1 |
| 23:54 | Goatmaster · age_up castle |
| 26:41 | BuLLeT_ · first_market_buy 100 stone |
| 27:54 | BuLLeT_ · first_building Siege Workshop |
| 29:47 | Goatmaster · first_building Monastery |
| 32:56 | Goatmaster · first_market_sell 100 wood |
| 35:41 | BuLLeT_ · first_building Castle |
| 35:49 | Goatmaster · first_building Castle |
| 36:37 | BuLLeT_ · first_building Stable |
| 40:42 | BuLLeT_ · age_up imperial |
| 42:09 | Goatmaster · age_up imperial |
| 42:44 | Goatmaster · first_market_buy 100 food |
| 43:46 | BuLLeT_ · wall_segment Stone Wall x9 |
| 45:24 | BuLLeT_ · wall_segment Palisade Wall x1 |
| 45:30 | BuLLeT_ · wall_segment Stone Wall x1 |
| 45:33 | BuLLeT_ · wall_segment Palisade Wall x1 |
| 47:15 | Goatmaster · first_building Siege Workshop |
| 49:42 | BuLLeT_ · wall_segment Palisade Wall x1 |
| 50:23 | BuLLeT_ · wall_segment Stone Wall x1 |
| 50:23 | BuLLeT_ · wall_segment Stone Wall x1 |
| 50:27 | BuLLeT_ · wall_segment Stone Wall x1 |
| 50:31 | BuLLeT_ · wall_segment Stone Wall x1 |
| 50:33 | BuLLeT_ · wall_segment Stone Wall x1 |
| 51:07 | BuLLeT_ · wall_segment Stone Wall x1 |
| 51:09 | BuLLeT_ · wall_segment Stone Wall x1 |
| 51:10 | BuLLeT_ · wall_segment Stone Wall x1 |
| 51:20 | BuLLeT_ · wall_segment Stone Wall x1 |
| 54:30 | BuLLeT_ · first_market_sell 500 wood |
| 55:10 | BuLLeT_ · resign |
[ AI ANALYSIS · 1 CREDIT ]
What really happened in this match?
Wolo.gg analyzes every decision: build order, eco, micro, common mistakes by bracket. Personalized analysis on WhatsApp or Discord in 30 seconds.
Civ guide
Malians
Perfil
Jugador #2227707